PR
TULSA OTTERS @ CAPITAL HILL INTERNS
06/21/2034
 
TOP OF THE 1ST
Tulsa Otters batting - Pitching for Capital Hill Interns : RHP Brad Easterday
Pitching: RHP Brad Easterday
Batting: RHB Tim Robinson 0-0: Called Strike
0-1: Swinging Strike
0-2: Strikes out swinging
Batting: RHB Bill Cobb 0-0: Called Strike
0-1: Ball
1-1: Fly out, F8 (Flyball, 8RM)
Batting: RHB Jim Schroeder 0-0: Ball
1-0: Ball
2-0: Ball
3-0: Called Strike
3-1: Base on Balls
Batting: RHB Eddie Hickford 0-0: Ball
1-0: Swinging Strike
1-1: Called Strike
1-2: Ground out 1-3 (Groundball, P)
Top of the 1st over - 0 runs, 0 hits, 0 errors, 1 left on base; Tulsa 0 - Capital Hill 0
BOTTOM OF THE 1ST
Capital Hill Interns batting - Pitching for Tulsa Otters : RHP Victor Heuvelink
Pitching: RHP Victor Heuvelink
Batting: RHB Michael Ruscoe 0-0: Ball
1-0: Ball
2-0: Fly out, F8 (Flyball, 8RS)
Batting: LHB Tom Washington 0-0: Ball
1-0: SINGLE (Line Drive, 6D)
Batting: RHB Alex Perry 0-0: Foul Ball, location: 2F
0-1: SINGLE (Groundball, 56D)
Tom Washington to second
Batting: RHB Gilberto Ramírez 0-0: Called Strike
0-1: Foul Ball, location: 2F
0-2: Foul Ball, location: 2F
0-2: Ball
1-2: Fly out, F7 (Flyball, 7D)
Batting: SHB Mark Boyle 0-0: Foul Ball, location: 2F
0-1: Foul Ball, location: 2F
0-2: SINGLE (Groundball, 6MD)
Tom Washington to third
Alex Perry to second
Runner from 3rd tries for Home, SAFE, throw made home
Batting: RHB Alejandro Carrillo 0-0: Called Strike
0-1: Foul Ball, location: 2F
0-2: Ball
1-2: Foul Ball, location: 2F
1-2: Ground out 3-1 (Groundball, 34S)
Bottom of the 1st over - 1 run, 3 hits, 0 errors, 2 left on base; Tulsa 0 - Capital Hill 1
TOP OF THE 2ND
Tulsa Otters batting - Pitching for Capital Hill Interns : RHP Brad Easterday
Batting: RHB Alexander Conley 0-0: Called Strike
0-1: Foul Ball, location: 2F
0-2: SINGLE (Groundball, 6D)
Batting: RHB Luke Rouco Balk!
Alexander Conley to second
0-0: SINGLE (Groundball, 34D)
Alexander Conley to third
Runner from 3rd tries for Home, SAFE, no throw
Batting: RHB Eugene Bradley 0-0: Ball
1-0: Ball
2-0: Swinging Strike
2-1: Ball
3-1: Foul Ball, location: 2F
3-2: Fly out, F8 (Flyball, 8LM)
Batting: RHB Marvin Clark 0-0: Swinging Strike
0-1: Called Strike
0-2: Fielders Choice at 2nd, 6-4 (Groundball, 6)
Batting: RHB Patrick Mildren 0-0: Called Strike
0-1: Foul Ball, location: 2F
0-2: Ball
1-2: Ground out 4-3 (Groundball, 4)
Top of the 2nd over - 1 run, 2 hits, 0 errors, 1 left on base; Tulsa 1 - Capital Hill 1
BOTTOM OF THE 2ND
Capital Hill Interns batting - Pitching for Tulsa Otters : RHP Victor Heuvelink
Batting: LHB Sherman Hoffman 0-0: Foul Ball, location: 2F
0-1: Fly out, F9 (Line Drive, 9D)
Batting: RHB John Fitzgerald 0-0: Ball
1-0: Called Strike
1-1: Swinging Strike
1-2: Strikes out looking
Batting: RHB António Salas 0-0: Called Strike
0-1: Ball
1-1: Foul Ball, location: 2F
1-2: Strikes out swinging
Bottom of the 2nd over - 0 runs, 0 hits, 0 errors, 0 left on base; Tulsa 1 - Capital Hill 1
TOP OF THE 3RD
Tulsa Otters batting - Pitching for Capital Hill Interns : RHP Brad Easterday
Batting: RHB Tim Robinson 0-0: Ball
1-0: Foul Ball, location: 2F
1-1: Ball
2-1: Swinging Strike
2-2: Ball
3-2: Fly out, F3 (Popup, 34)
Batting: RHB Bill Cobb 0-0: Ball
1-0: Swinging Strike
1-1: Called Strike
1-2: Ball
2-2: Ground out 6-3 (Groundball, 6)
Batting: RHB Jim Schroeder 0-0: Called Strike
0-1: Foul Ball, location: 2F
0-2: Fly out, F5 (Popup, 5S)
Top of the 3rd over - 0 runs, 0 hits, 0 errors, 0 left on base; Tulsa 1 - Capital Hill 1
BOTTOM OF THE 3RD
Capital Hill Interns batting - Pitching for Tulsa Otters : RHP Victor Heuvelink
Batting: RHB Michael Ruscoe 0-0: Called Strike
0-1: Swinging Strike
0-2: Ball
1-2: Reached on error, E6 (Groundball, 6)
Batting: LHB Tom Washington 0-0: Foul Ball, location: 2F
0-1: Called Strike
0-2: Foul Ball, location: 2F
0-2: Ball
1-2: Ball
2-2: Foul Ball, location: 2F
2-2: Ball
3-2: SINGLE (Line Drive, 4MD)
Michael Ruscoe to second
Pitching: RHP Jason Lissenberg
Batting: RHB Alex Perry 0-0: Ball
1-0: Grounds into double play, 6-4-3 (Groundball, 6)
Michael Ruscoe to third
Batting: RHB Gilberto Ramírez 0-0: Ground out 6-3 (Groundball, 56)
Bottom of the 3rd over - 0 runs, 1 hit, 1 error, 1 left on base; Tulsa 1 - Capital Hill 1
TOP OF THE 4TH
Tulsa Otters batting - Pitching for Capital Hill Interns : RHP Brad Easterday
Batting: RHB Eddie Hickford 0-0: Called Strike
0-1: Foul Ball, location: 2F
0-2: Ball
1-2: Strikes out swinging
Batting: RHB Alexander Conley 0-0: Called Strike
0-1: Ball
1-1: Called Strike
1-2: Strikes out looking
Batting: RHB Luke Rouco 0-0: Called Strike
0-1: Foul Ball, location: 2F
0-2: Ball
1-2: Ball
2-2: Ground out 6-3 (Groundball, 6)
Top of the 4th over - 0 runs, 0 hits, 0 errors, 0 left on base; Tulsa 1 - Capital Hill 1
BOTTOM OF THE 4TH
Capital Hill Interns batting - Pitching for Tulsa Otters : RHP Jason Lissenberg
Batting: SHB Mark Boyle 0-0: Called Strike
0-1: Ball
1-1: Called Strike
1-2: Foul Ball, location: 2F
1-2: Foul Ball, location: 2F
1-2: Strikes out swinging
Batting: RHB Alejandro Carrillo 0-0: Called Strike
0-1: Ball
1-1: Called Strike
1-2: Ground out 4-3 (Groundball, 34)
Batting: LHB Sherman Hoffman 0-0: Called Strike
0-1: Swinging Strike
0-2: Ball
1-2: Strikes out swinging
Bottom of the 4th over - 0 runs, 0 hits, 0 errors, 0 left on base; Tulsa 1 - Capital Hill 1
TOP OF THE 5TH
Tulsa Otters batting - Pitching for Capital Hill Interns : RHP Brad Easterday
Batting: RHB Eugene Bradley 0-0: Called Strike
0-1: Ball
1-1: Ground out 1-3 (Groundball, P)
Batting: RHB Marvin Clark 0-0: Ball
1-0: Ball
2-0: Ground out 2-3 (Groundball, 2L)
Batting: RHB Patrick Mildren 0-0: Ball
1-0: Called Strike
1-1: Ball
2-1: Foul Ball, location: 2F
2-2: Strikes out swinging
Top of the 5th over - 0 runs, 0 hits, 0 errors, 0 left on base; Tulsa 1 - Capital Hill 1
BOTTOM OF THE 5TH
Capital Hill Interns batting - Pitching for Tulsa Otters : RHP Jason Lissenberg
Batting: RHB John Fitzgerald 0-0: Ball
1-0: Swinging Strike
1-1: Swinging Strike
1-2: Ball
2-2: Foul Ball, location: 2F
2-2: Strikes out swinging
Batting: RHB António Salas 0-0: Called Strike
0-1: Swinging Strike
0-2: Foul Ball, location: 2F
0-2: Ball
1-2: Strikes out swinging
Batting: RHB Michael Ruscoe 0-0: Ground out 1-3 (Groundball, 13S)
Bottom of the 5th over - 0 runs, 0 hits, 0 errors, 0 left on base; Tulsa 1 - Capital Hill 1
TOP OF THE 6TH
Tulsa Otters batting - Pitching for Capital Hill Interns : RHP Brad Easterday
Batting: RHB Tim Robinson 0-0: Fly out, F7 (Line Drive, 7)
Batting: RHB Bill Cobb 0-0: Called Strike
0-1: Swinging Strike
0-2: Ball
1-2: Ball
2-2: Ball
3-2: Foul Ball, location: 2F
3-2: Strikes out swinging
Batting: RHB Jim Schroeder 0-0: Foul Ball, location: 2F
0-1: Fly out, F9 (Flyball, 89D)
Top of the 6th over - 0 runs, 0 hits, 0 errors, 0 left on base; Tulsa 1 - Capital Hill 1
BOTTOM OF THE 6TH
Capital Hill Interns batting - Pitching for Tulsa Otters : RHP Jason Lissenberg
Batting: LHB Tom Washington 0-0: Ball
1-0: Fly out, F8 (Flyball, 78D)
Batting: RHB Alex Perry 0-0: Called Strike
0-1: Foul Ball, location: 2F
0-2: Ground out 5-3 (Groundball, 56)
Batting: RHB Gilberto Ramírez 0-0: Called Strike
0-1: Foul Ball, location: 2F
0-2: Strikes out swinging
Bottom of the 6th over - 0 runs, 0 hits, 0 errors, 0 left on base; Tulsa 1 - Capital Hill 1
TOP OF THE 7TH
Tulsa Otters batting - Pitching for Capital Hill Interns : RHP Brad Easterday
Batting: RHB Eddie Hickford 0-0: Swinging Strike
0-1: Foul Ball, location: 2F
0-2: Strikes out swinging
Batting: RHB Alexander Conley 0-0: Fly out, F2 (Popup, 25F)
Batting: RHB Luke Rouco 0-0: Called Strike
0-1: Ball
1-1: Called Strike
1-2: Foul Ball, location: 2F
1-2: Ball
2-2: Fly out, F3 (Popup, 3SF)
Top of the 7th over - 0 runs, 0 hits, 0 errors, 0 left on base; Tulsa 1 - Capital Hill 1
BOTTOM OF THE 7TH
Capital Hill Interns batting - Pitching for Tulsa Otters : RHP Jason Lissenberg
Batting: SHB Mark Boyle 0-0: Ball
1-0: Called Strike
1-1: Ground out 4-3 (Groundball, 4)
Batting: RHB Alejandro Carrillo 0-0: Ball
1-0: Called Strike
1-1: Ball
2-1: Ground out 1-3 (Groundball, 13S)
Batting: LHB Sherman Hoffman 0-0: Ball
1-0: Ground out 5-3 (Groundball, 56)
Bottom of the 7th over - 0 runs, 0 hits, 0 errors, 0 left on base; Tulsa 1 - Capital Hill 1
TOP OF THE 8TH
Tulsa Otters batting - Pitching for Capital Hill Interns : RHP Brad Easterday
Batting: RHB Eugene Bradley 0-0: Swinging Strike
0-1: Swinging Strike
0-2: Ball
1-2: Foul Ball, location: 2F
1-2: Ball
2-2: Foul Ball, location: 2F
2-2: Foul Ball, location: 2F
2-2: Strikes out swinging
Pinch Hitting: RHB Dong-hyun Yu 0-0: Called Strike
0-1: Swinging Strike
0-2: Fly out, F8 (Flyball, 8LD)
Pinch Hitting: RHB Carlos Contreras 0-0: Ball
1-0: Foul Ball, location: 2F
1-1: Ball
2-1: Ball
3-1: Foul Ball, location: 2F
3-2: Base on Balls
Batting: RHB Tim Robinson 0-0: Ball
1-0: Called Strike
1-1: Called Strike
1-2: Fly out, F8 (Flyball, 78D)
Top of the 8th over - 0 runs, 0 hits, 0 errors, 1 left on base; Tulsa 1 - Capital Hill 1
BOTTOM OF THE 8TH
Capital Hill Interns batting - Pitching for Tulsa Otters : RHP Jason Lissenberg
Now at 3B: Carlos Contreras
Now in RF: Dong-hyun Yu
Batting: RHB John Fitzgerald 0-0: Ball
1-0: Called Strike
1-1: Ball
2-1: Ball
3-1: Base on Balls
Batting: RHB António Salas 0-0: Bunt missed!
0-1: Sac Bunt - play at first, batter OUT! 3-4
John Fitzgerald to second
Batting: RHB Michael Ruscoe 0-0: Called Strike
0-1: Ball
1-1: TRIPLE (Line Drive, 7D)
John Fitzgerald scores
Batting: LHB Tom Washington 0-0: Intentional Walk
Pinch Hitting: RHB Ken Pittman 0-0: Ball
1-0: Swinging Strike
1-1: Foul Ball, location: 2F
1-2: Foul Ball, location: 2F
1-2: Strikes out swinging
Batting: RHB Gilberto Ramírez 0-0: Called Strike
0-1: Foul Ball, location: 2F
0-2: Ball
1-2: Foul Ball, location: 2F
1-2: Strikes out swinging
Bottom of the 8th over - 1 run, 1 hit, 0 errors, 2 left on base; Tulsa 1 - Capital Hill 2
TOP OF THE 9TH
Tulsa Otters batting - Pitching for Capital Hill Interns : RHP Brad Easterday
Now in CF: Penekiko Nioka
Batting: RHB Bill Cobb 0-0: SINGLE (Groundball, 6MD)
Pitching: RHP Steve Jackson
Batting: RHB Jim Schroeder 0-0: Ball
1-0: Called Strike
1-1: Swinging Strike
1-2: Strikes out swinging
Batting: RHB Eddie Hickford 0-0: Foul Ball, location: 2F
0-1: Ball
1-1: Ball
2-1: Foul Ball, location: 2F
2-2: Foul Ball, location: 2F
2-2: Strikes out swinging
Batting: RHB Alexander Conley 0-0: Ball
1-0: Called Strike
1-1: Ball
2-1: Swinging Strike
2-2: Foul Ball, location: 2F
2-2: Ball
3-2: 2-RUN HOME RUN (Flyball, 7LD), Distance : 343 ft
Batting: RHB Luke Rouco 0-0: Hit by Pitch
Batting: RHB Eugene Bradley 0-0: Ball
1-0: Ball
2-0: Reached on error, E5 (Groundball, 5)
Luke Rouco to second
Batting: RHB Dong-hyun Yu 0-0: Fly out, F2 (Popup, 23F)
Top of the 9th over - 2 runs, 2 hits, 1 error, 2 left on base; Tulsa 3 - Capital Hill 2
BOTTOM OF THE 9TH
Capital Hill Interns batting - Pitching for Tulsa Otters : RHP Jason Lissenberg
Pitching: RHP Tom Lee
Batting: SHB Mark Boyle 0-0: Ball
1-0: Fly out, F9 (Flyball, 9LM)
Batting: RHB Alejandro Carrillo 0-0: Ball
1-0: Ground out 5-3 (Groundball, 56)
Batting: LHB Sherman Hoffman 0-0: Ball
1-0: Foul Ball, location: 2F
1-1: Called Strike
1-2: Ball
2-2: SINGLE (Groundball, 6D)
Batting: RHB John Fitzgerald 0-0: Foul Ball, location: 2F
0-1: Foul Ball, location: 2F
0-2: Ball
1-2: Ball
2-2: Fielders Choice at 2nd, 6-4 (Groundball, 6)
Bottom of the 9th over - 0 runs, 1 hit, 0 errors, 1 left on base; Tulsa 3 - Capital Hill 2
Friday, March 29th, 2019 - OOTP Baseball 18.8 Build 76